 Dungeon Crawl Stone Soup version 0.26-a0-201-gb271ac0e06 (webtiles) character file.

Game seed: 16990499277043129812

1010 tilp the Covert (level 8, 0/36 HPs)
             Began as a Spriggan Enchanter on July 5, 2020.
             Slain by an orc wizard
             ... wielding a +0 dagger
              (3 damage)
             ... on level 5 of the Dungeon.
             The game lasted 00:13:04 (7190 turns).

tilp the Covert (Spriggan Enchanter)                Turns: 7190, Time: 00:13:05

Health: 0/36       AC:  2    Str:  4    XL:     8   Next: 1%
Magic:  13/18      EV: 17    Int: 21    God:
Gold:   309        SH:  6    Dex: 14    Spells: 10/19 levels left

rFire    . . .     SeeInvis +   b - +2 hand axe (venom)
rCold    . . .     Faith    .   t - +0 buckler
rNeg     . . .     Spirit   .   d - +0 robe
rPois    .         Reflect  .   (helmet restricted)
rElec    .         Harm     .   n - scarf {repulsion}
rCorr    .                      (gloves unavailable)
MR       +....                  (boots unavailable)
Stlth    ++++......             (no amulet)
HPRegen  0.12/turn              (no ring)
MPRegen  0.16/turn              (no ring)

@: repel missiles, very quick
A: very small, unfitting armour, talons 1, see invisible, clever 1, clumsy 1,
herbivore, speed 3, slow metabolism 2
a: no special abilities


You were on level 5 of the Dungeon.
You were hungry.

You visited 1 branch of the dungeon, and saw 5 of its levels.

You collected 309 gold pieces.

Inventory:

Hand Weapons
 a - a +2 dagger
 b - a +2 hand axe of venom (weapon)
Missiles
 i - 20 poisoned darts (quivered)
 p - a throwing net
Armour
 d - a +0 robe (worn)
 n - a scarf of repulsion (worn)
 t - a +0 buckler (worn)
Scrolls
 f - 2 scrolls of enchant armour
 h - 2 scrolls of enchant weapon
 k - a scroll of random uselessness {unknown}
 l - a scroll of remove curse {unknown}
Potions
 e - a potion of haste
 j - a potion of mutation
 m - 2 potions of stabbing
 q - a potion of ambrosia {unknown}
 r - a potion of flight {unknown}
 s - a potion of curing
 u - a potion of magic {unknown}
Comestibles
 c - 5 rations


   Skills:
 - Level 5.0 Short Blades
 - Level 3.0 Dodging
 - Level 8.0 Stealth
 + Level 2.2 Shields
 - Level 6.0 Spellcasting
 + Level 6.0 Hexes


You had 10 spell levels left.
You knew the following spells:

 Your Spells              Type           Power        Failure   Level  Hunger
a - Corona                Hex            ####...      1%          1    None
b - Ensorcelled Hibernat  Hex/Ice        ###...       6%          2    None
c - Confusing Touch       Hex            ####....     3%          3    ##.....
d - Tukima's Dance        Hex            ####....     3%          3    ##.....

Your spell library contained the following spells:

 Spells                   Type           Power        Failure   Level  Hunger
 Dazzling Flash           Conj/Hex       ###...       12%         3    ##.....


Dungeon Overview and Level Annotations

Branches:
Dungeon (5/15)
 Temple: D:4-7

Altars:
Fedhas
Gozag
Nemelex Xobeh
Sif Muna
Xom
Zin

Annotations:
D:1 lava vault
D:3 dig vault, 1 exclusion


Innate Abilities, Weirdness & Mutations

You are very small and have problems with some larger weapons.
You are too small for most types of armour.
You have supernaturally acute eyesight. (SInv)
You are a herbivore.
You cover ground extremely quickly.
You need to consume almost no food.
You have sharp toenails.
Your mind is acute. (Int +2)
You are clumsy. (Dex -2)


Message History

Unknown command.
It was a potion of curing.
You feel better. You block the orc wizard's attack.
Unknown command.
You aren't carrying any items that you can evoke.
Your +2 hand axe of venom begins to drip with poison!
b - a +2 hand axe of venom (weapon)
You block the orc wizard's attack.
You barely miss the orc wizard.
The orc wizard is severely wounded.
The orc wizard completely misses you.
The orc wizard hits you with a +0 dagger.
* * * LOW HITPOINT WARNING * * *
Unknown command.
You barely miss the orc wizard.
The orc wizard is severely wounded.
The orc wizard casts a spell at you. The magic dart hits you!
* * * LOW HITPOINT WARNING * * *
The orc wizard hits you with a +0 dagger.
You die...

#..............................
#..............................
#..............................
#####...#####...............[....
.................[.............##
.................................
####.########......###.......####
............###..### #.#####.#)..
#........[..# ##@# #.# #.#.##
#...........####o# #.# #.#.##
#..............oo## #.# #.....
#..........o....o.####.# #.....
#...............#.#....# #.....
#...............#.#....# #.....
#...............#.#....# #.....
#...........#####......# #.....
##################.....# #.....


You could see an orc priest (poisoned) and 3 orc wizards.

Vanquished Creatures
  An ice beast (D:5)
  A sky beast (D:5)
  A phantom (D:4)
  An ogre (D:4)
  A centaur (D:5)
  A scorpion (D:5)
  A centaur zombie (D:5)
  2 hounds (D:4)
  2 jellies
  An iguana (D:4)
  3 orc wizards
  3 worker ants
  6 adders
  4 gnolls (D:3)
  2 oozes
  2 worms (D:2)
  3 dart slugs
  4 leopard geckos
  13 orcs
  8 bats
  A giant cockroach (D:5)
  10 goblins
  4 hobgoblins
  7 jackals (D:3)
  2 quokkas
  3 frilled lizards
  11 kobolds
  A quokka skeleton (D:3)
  A quokka zombie (D:5)
  9 rats
109 creatures vanquished.

Vanquished Creatures (others)
  4 fungi (D:3)
4 creatures vanquished.

Grand Total: 113 creatures vanquished

Notes
Turn   | Place    | Note
-------+----------+-------------------------------------------
     0 | D:1      | tilp the Spriggan Enchanter began the quest for the Orb.
     0 | D:1      | Reached XP level 1. HP: 9/9 MP: 5/5
   470 | D:1      | Reached XP level 2. HP: 7/13 MP: 4/7
   474 | D:1      | Learned a level 2 spell: Ensorcelled Hibernation
  1170 | D:1      | Reached skill level 5 in Stealth
  1612 | D:2      | Reached XP level 3. HP: 16/16 MP: 1/8
  1746 | D:2      | Learned a level 3 spell: Confusing Touch
  1750 | D:2      | Learned a level 3 spell: Tukima's Dance
  2086 | D:2      | Reached XP level 4. HP: 21/21 MP: 7/10
  2654 | D:2      | Reached skill level 6 in Stealth
  3006 | D:3      | Found an opulent altar of Gozag.
  3324 | D:3      | Found a shimmering altar of Xom.
  3369 | D:3      | Reached XP level 5. HP: 8/24 MP: 8/12
  4020 | D:3      | Reached skill level 7 in Stealth
  4293 | D:3      | Found a blossoming altar of Fedhas.
  4398 | D:3      | Found a glowing silver altar of Zin.
  4494 | D:3      | Found a shimmering blue altar of Sif Muna.
  4760 | D:4      | Noticed a phantom
  4959 | D:4      | Killed a phantom
  4959 | D:4      | Reached XP level 6. HP: 10/28 MP: 5/13
  5186 | D:4      | Reached skill level 8 in Stealth
  5195 | D:4      | Reached skill level 5 in Short Blades
  5623 | D:4      | Found a sparkling altar of Nemelex Xobeh.
  5664 | D:4      | Reached XP level 7. HP: 32/32 MP: 7/15
  6105 | D:4      | Reached skill level 5 in Spellcasting
  6232 | D:5      | Entered Level 5 of the Dungeon
  6241 | D:5      | Reached skill level 1 in Shields
  6415 | D:5      | Reached skill level 5 in Hexes
  6929 | D:5      | Reached XP level 8. HP: 36/36 MP: 16/18
  7186 | D:5      | Gained mutation: You have sharp toenails. [potion of
                  | mutation]
  7186 | D:5      | Gained mutation: You are clumsy. (Dex -2) [potion of
                  | mutation]
  7186 | D:5      | Gained mutation: Your mind is acute. (Int +2) [potion of
                  | mutation]
  7190 | D:5      | Slain by an orc wizard

Illustrated notes

Levels and vault maps discovered:
D:1:      grunt_arrival_lava_bath, layout_basic
D:2:      layout_rooms, first_ration, minmay_pentomino_u2
D:3:      layout_basic, led_sif_book, nicolae_overflow_crystal_walls,
          fedhas_altar_3, zin_scriptorium, grunt_gozag_statues
D:4:      layout_loops_ring, marbit_many_paths, minmay_fractal_squares_5
D:5:      layout_basic, uniq_crazy_yiuf_cottage

Skill      XL: |  1  2  3  4  5  6  7 |
---------------+----------------------+-----
Spellcasting   | 3 4 6 |  6.0
Stealth        | 5 6 7 8 |  8.0
Short Blades   | 2 3 4 5 |  5.0
Hexes          | 4 6 |  6.0
Shields        | 2 |  2.2
Dodging        | |  3.0

Action                   |  1- 3 |  4- 6 |  7- 9 || total
-------------------------+-------+-------+-------++-------
Melee: Dagger            |   119 |   155 |    22 ||   296
       Hand axe          |       |    19 |    45 ||    64
Throw: Stone             |     9 |       |       ||     9
       Dart              |       |     3 |     1 ||     4
 Cast: Corona            |     6 |       |       ||     6
       Ensorcelled Hiber |    19 |    27 |    15 ||    61
       Confusing Touch   |       |     4 |     1 ||     5
  Use: Scroll            |     1 |     6 |     1 ||     8
       Potion            |       |       |     4 ||     4
 Stab: Sleeping          |    13 |    34 |     7 ||    54
       Distracted        |     1 |       |       ||     1
       Confused          |       |     4 |     1 ||     5
  Eat: Ration            |       |     2 |     1 ||     3
Armor: Robe              |    17 |    16 |     1 ||    34
Dodge: Dodged            |   100 |    98 |    45 ||   243
       Repelled          |       |       |     3 ||     3
Block: Buckler           |       |       |    18 ||    18

Table legend:
 A = Non-vault XP
 B = Vault XP
 C = Vault XP percentage of total XP
 D = Non-vault monster count
 E = Vault monster count
 F = Vault count percentage of total count
                 A         B        C        D         E       F
            +---------+---------+-------+---------+---------+-------
      Total |    1284 |     159 |  11.0 |     104 |       5 |   4.6
            +---------+---------+-------+---------+---------+-------
        D:1 |      26 |       0 |   0.0 |      15 |       0 |   0.0
        D:2 |     137 |       2 |   1.4 |      29 |       2 |   6.5
        D:3 |     131 |       0 |   0.0 |      33 |       0 |   0.0
        D:4 |     436 |     157 |  26.5 |      17 |       3 |  15.0
        D:5 |     554 |       0 |   0.0 |      10 |       0 |   0.0
            +---------+---------+-------+---------+---------+-------
